 Dungeon Crawl Stone Soup version 0.23.2-33-g5129a83184 (webtiles) character file.

Game seed: 7783810330340789395

292 torrenera the Magician (level 6, -2/41 HPs)
             Began as a Mummy Necromancer on June 28, 2019.
             Shot with an arrow by a centaur (16 damage)
             ... on level 5 of the Dungeon.
             The game lasted 00:11:19 (4276 turns).

torrenera the Magician (Mummy Necromancer)          Turns: 4276, Time: 00:11:20

Health: -2/41      AC:  3    Str: 14    XL:     6   Next: 10%
Magic:  24/24      EV: 12    Int: 17    God:
Gold:   160        SH:  0    Dex: 12    Spells: 9/18 levels left

rFire    x . .     SeeInvis .   f - +3 spear
rCold    + . .     Gourm    .   (no shield)
rNeg     + + +     Faith    .   a - +0 robe
rPois    ∞         Spirit   .   k - +1 hat
rElec    .         Reflect  .   (no cloak)
rCorr    .         Harm     .   (no gloves)
MR       .....                  (no boots)
Stlth    ++........             (no amulet)
HPRegen  0.13/turn              j - +3 ring of strength
MPRegen  0.19/turn              t - ring of magical power

@: no status effects
A: no food or potions, fire vulnerability, cold resistance 1, negative energy
resistance 3, torment resistance, unbreathing
a: no special abilities


You were on level 5 of the Dungeon.
You were not hungry.

You visited 1 branch of the dungeon, and saw 5 of its levels.

You collected 160 gold pieces.

Inventory:

Hand Weapons
 c - a +1 mace of holy wrath
 f - a +3 spear (weapon)
 m - a +1 whip of draining
 n - a +2 longbow of freezing
Missiles
 d - 201 stones (quivered)
 q - 11 poisoned needles
Armour
 a - a +0 robe (worn)
 h - a +0 leather armour
 k - a +1 hat (worn)
Jewellery
 j - a +3 ring of strength (left hand)
 t - a ring of magical power (right hand)
Scrolls
 b - 2 scrolls of fog {unknown}
 e - 2 scrolls of enchant weapon {unknown}
 g - 3 scrolls of identify {unknown}
 i - a scroll of amnesia {unknown}
 l - 4 scrolls of teleportation {unknown}
 o - 2 scrolls of remove curse {unknown}
 p - a scroll of blinking {unknown}
 r - 2 scrolls of magic mapping {unknown}
 s - a scroll of noise {unknown}


   Skills:
 - Level 1.5 Dodging
 - Level 1.5 Stealth
 * Level 6.6 Spellcasting
 + Level 5.3 Necromancy


You had 9 spell levels left.
You knew the following spells:

 Your Spells              Type           Power        Failure   Level  Hunger
a - Pain                  Necr           ###.         1%          1    N/A
b - Animate Skeleton      Necr           N/A          1%          1    N/A
c - Vampiric Draining     Necr           ###.......   4%          3    N/A
d - Animate Dead          Necr           N/A          13%         4    N/A

Your spell library contained the following spells:

 Spells                   Type           Power        Failure   Level  Hunger
 Regeneration             Chrm/Necr      Unusable     N/A         3    N/A

Dungeon Overview and Level Annotations

Branches:
Dungeon (5/15)
 Temple: D:4-7

Altars:
Trog


Innate Abilities, Weirdness & Mutations

You do not eat or drink.
Your flesh is vulnerable to fire.
You are immune to poison.
Your flesh is cold resistant. (rC+)
You are immune to negative energy. (rN+++)
You are immune to unholy pain and torment.
You can survive without breathing.


Message History

You hit the phantom.
The phantom is moderately damaged.
The phantom hits you!
You hit the phantom.
The phantom is heavily damaged.
The phantom hits you.
* * * LOW HITPOINT WARNING * * *
You hit the phantom.
The phantom is heavily damaged.
The phantom blinks!
You climb downwards.
There is a stone staircase leading up here.
You start resting.
The centaur is too close now for your liking.
The centaur shouts!
The centaur wields a +0 shortbow.
The centaur shoots an arrow.
The arrow closely misses you.
You see here an arrow.
The centaur shoots an arrow.
The arrow hits you!
You die...

..........#####.##.#
.........c......##.#
.#.###.##.....<.##.#
.#.#...............#
...........#<##.####
.#..............##
...............(.#
.................#
.#W#.#.##..#.##.@#####
.#.#.#.............#.#
.#.#.####..#.##..#.#.#
.#.#..............(#.###
>......................#
...#..###....##..#.#.#.#
##...........##..#.#.#.#
#...........##..#.#.#.#
#.#..###....##..#.#.#.#


You could see a centaur.

Vanquished Creatures
  A bullfrog zombie (D:5)
  A hound (D:4)
  Jessica (D:2)
  An iguana (D:4)
  A worker ant (D:5)
  A hound skeleton (D:4)
  5 adders
  2 oozes (D:2)
  2 worms
  2 dart slugs (D:1)
  5 leopard geckos
  6 orcs
  7 bats
  5 giant cockroaches
  8 goblins
  9 hobgoblins
  3 jackals (D:4)
  3 quokkas
  A frilled lizard (D:2)
  7 kobolds
  7 rats
78 creatures vanquished.

Vanquished Creatures (collateral kills)
  A worm (D:2)
  A dart slug (D:1)
  2 goblins (D:2)
  A kobold (D:3)
  A frilled lizard (D:2)
  A rat (D:3)
7 creatures vanquished.

Grand Total: 85 creatures vanquished

Notes
Turn   | Place    | Note
-------+----------+-------------------------------------------
     0 | D:1      | torrenera the Mummy Necromancer began the quest for the
                  | Orb.
     0 | D:1      | Reached XP level 1. HP: 13/13 MP: 4/4
   422 | D:1      | Reached skill level 3 in Spellcasting
   422 | D:1      | Reached XP level 2. HP: 19/19 MP: 4/6
   425 | D:1      | Learned a level 1 spell: Animate Skeleton
   845 | D:1      | Reached XP level 3. HP: 23/24 MP: 5/8
  1319 | D:2      | Reached skill level 4 in Spellcasting
  1572 | D:2      | Reached XP level 4. HP: 27/30 MP: 10/10
  1577 | D:2      | Learned a level 3 spell: Vampiric Draining
  1936 | D:2      | Noticed Jessica
  1947 | D:2      | Killed Jessica
  1947 | D:2      | Reached skill level 5 in Spellcasting
  2054 | D:3      | Noticed a moth of wrath
  2057 | D:3      | Found a bloodstained altar of Trog.
  2484 | D:3      | Reached XP level 5. HP: 30/35 MP: 3/12
  2609 | D:3      | Reached skill level 5 in Necromancy
  3001 | D:4      | Learned a level 4 spell: Animate Dead
  3039 | D:4      | Noticed an ogre
  3232 | D:4      | Noticed an ogre
  3347 | D:4      | Reached skill level 6 in Spellcasting
  3769 | D:5      | Entered Level 5 of the Dungeon
  4033 | D:5      | Reached XP level 6. HP: 24/41 MP: 15/15
  4276 | D:5      | Shot with an arrow by a centaur

Skill      XL: |  1  2  3  4  5 |
---------------+----------------+-----
Spellcasting   | 3 4 5 6 |  6.6
Necromancy     | 5 |  5.3
Dodging        | |  1.5
Stealth        | |  1.5

Action                   |  1- 3 |  4- 6 || total
-------------------------+-------+-------++-------
Melee: Unarmed           |    19 |       ||    19
       Spear             |    56 |   121 ||   177
       Short sword       |     5 |       ||     5
Throw: Stone             |       |     2 ||     2
 Cast: Pain              |    42 |    50 ||    92
       Animate Skeleton  |    17 |    15 ||    32
 Stab: Sleeping          |     2 |     6 ||     8
Armor: Robe              |    24 |    25 ||    49
Dodge: Dodged            |    50 |    73 ||   123
